 Dungeon Crawl Stone Soup version 0.17.0-23-g0de4337 (webtiles) character file.

6532 dvd the Nimble (level 11, -2/70 HPs)
             Began as an Octopode Ice Elementalist on Nov 14, 2015.
             Was a Follower of Ashenzari.
             Slain by a two-headed hydra (5 damage)
             ... on level 10 of the Dungeon.
             The game lasted 00:58:26 (11440 turns).

dvd the Nimble (Octopode Ice Elementalist)         Turns: 11440, Time: 00:58:28

Health: -2/70      AC: 13    Str: 10    XL:     11   Next: 1%
Magic:  19/21      EV: 17    Int: 24    God:    Ashenzari [*.....]
Gold:   605        SH:  0    Dex: 16    Spells: 5 memorised, 6 levels left

rFire  + . .     SeeInvis .     r - +0 morningstar (protect) (curse)
rCold  . . .     Clarity  .     (no shield)
rNeg   . . .     SustAt   .     (helmet restricted)
rPois  .         Gourm    .     j - amulet of regeneration (curse)
rElec  .         Spirit   .     w - ring of protection from fire (curse)
rCorr  .         Warding  .     z - +5 ring of intelligence (curse)
rMut   .         Stasis   .     A - ring of protection from magic (curse)
MR     +....                    G - ring of wizardry (curse)
Stlth  ++++++....               H - +4 ring of dexterity (curse)
                                (no ring)
                                (no ring)
                                (no ring)

@: icy armour, about to teleport, somewhat resistant to hostile enchantments,
very stealthy
A: almost no armour, amphibious, 8 rings, constrict 8, camouflage 1, gelatinous
body 1
a: Scrying, Renounce Religion


You were on level 10 of the Dungeon.
You worshipped Ashenzari.
Ashenzari was aware of your devotion.
You were not hungry.

You visited 2 branches of the dungeon, and saw 11 of its levels.

You collected 605 gold pieces.

Inventory:

Hand Weapons
 l - a +1 halberd of chopping
 q - a +0 dagger of venom
 r - a cursed +0 morningstar of protection (weapon)
 B - a +0 quarterstaff
Jewellery
 j - a cursed amulet of regeneration (around mantle)
 t - an uncursed amulet of stasis
 w - a cursed ring of protection from fire (left tentacle)
 z - a cursed +5 ring of intelligence (right tentacle)
 A - a cursed ring of protection from magic (on tentacle)
 G - a cursed ring of wizardry (on tentacle)
 H - a cursed +4 ring of dexterity (on tentacle)
Wands
 d - a wand of polymorph (11)
 i - a wand of paralysis (5)
 s - a wand of digging (6)
 u - a wand of flame (21)
 v - a wand of flame (29)
Scrolls
 c - 5 scrolls of identify
 f - 6 scrolls of teleportation
 h - a scroll of curse armour
 p - 2 scrolls of curse weapon
 y - 2 scrolls of fear
 C - a scroll of recharging
 E - 2 scrolls of curse jewellery
 F - 2 scrolls of remove curse
Potions
 e - 6 potions of curing
 o - a potion of brilliance
 x - a potion of might
Books
 a - a book of Frost

   Spells                             Type                      Level
   a - Freeze                         Ice                          1
   b - Throw Frost                    Conjuration/Ice              2
   c - Ozocubu's Armour               Charms/Ice                   3
   d - Throw Icicle                   Conjuration/Ice              4
   e - Summon Ice Beast               Ice/Summoning                4
   f - Condensation Shield            Ice                          4
Comestibles
 b - 9 bread rations
 g - 3 meat rations
 m - 2 royal jellies
 n - 3 fruits


   Skills:
 + Level 4.7 Fighting
 + Level 1.3 Short Blades
 + Level 5.1 Maces & Flails
 + Level 8.0 Dodging
 + Level 6.5 Stealth
 + Level 1.0 Unarmed Combat
 + Level 6.8 Spellcasting
 + Level 3.3 Conjurations
 + Level 3.8 Charms
 + Level 7.7 Ice Magic
 + Level 2.3 Evocations


You had 6 spell levels left.
You knew the following spells:

 Your Spells              Type           Power        Failure   Level  Hunger
a - Summon Ice Beast      Ice/Summ       ####....     7%          4    ###....
b - Throw Frost           Conj/Ice       ####..       1%          2    None
c - Ozocubu's Armour      Chrm/Ice       #####...     1%          3    None
d - Condensation Shield   Ice            #####.....   1%          4    ###....
e - Throw Icicle          Conj/Ice       ####....     4%          4    ###....


Dungeon Overview and Level Annotations

Branches:
Dungeon (10/15)            Temple (1/1) D:6            Lair (0/8) D:8
    Orc: D:9-12

Altars:
Ashenzari
Cheibriados
Dithmenos
Elyvilon
Fedhas
Gozag
Kikubaaqudgha
Makhleb
Nemelex Xobeh
Okawaru
Qazlal
Ru
Sif Muna
Trog
Vehumet
Xom
Yredelemnul
Zin
The Shining One

Shops:
D:9 %

Annotations:
D:4 dvd's ghost, novice OpIE


Innate Abilities, Weirdness & Mutations

You cannot wear most types of armour.
You are amphibious.
You can wear up to eight rings at the same time.
You can use your tentacles to constrict eight enemies at once.
Your skin changes colour to match your surroundings (Stealth).
Your rubbery body absorbs attacks (AC +1).


Message History

You constrict the quokka.
You kill the quokka!
The two-headed hydra misses you. The two-headed hydra bites you!
The yak gores you.
* * * LOW HITPOINT WARNING * * *
The big kobold misses you. The yak misses you.
You hit the big kobold. Your grab misses the big kobold.
The big kobold is lightly wounded.
You constrict the big kobold. The two-headed hydra barely misses you.
The two-headed hydra bites you!
* * * LOW HITPOINT WARNING * * *
The big kobold hits you with a dagger.
* * * LOW HITPOINT WARNING * * *
The yak gores you.
* * * LOW HITPOINT WARNING * * *
The big kobold hits you but does no damage.
The sheep closely misses you. The yak misses you.
The two-headed hydra closely misses you.
The two-headed hydra bites you.
You die...

### #.....# #..........# ..#
#.....# #.....)....# ..#
#.....# #..........#
>.######.....## #..........#
......##......# #..........#
..###..'.####.#####.........#
..# ####.#.≈.≈.≈PP#.........#
..# #.#%....YYP#.........#
..# #.#.%...Y@)#.........#
..# ###...%.KKD#####'#####
.## #.....≈≈.# #.# .#
##'''###'# #.# ## #.....# .#
#.#### ### #%%...' .# #....#
..############## ## #####'###
..'..##........# #.......#
..##.##........#####
#......)#


You could see a two-headed hydra, 2 yaks, 2 big kobolds and a sheep.

Vanquished Creatures
  Erolcha (D:10)
  A komodo dragon (D:8)
  2 tengu conjurers (D:9)
  Prince Ribbit (D:8)
  2 two-headed ogres
  A wraith (D:10)
  A wyvern (D:10)
  2 hippogriffs (D:9)
  A hungry ghost (D:10)
  5 sky beasts
  A black bear (D:7)
  5 ice beasts
  2 necrophages
  4 ogres
  A phantom (D:6)
  A centaur (D:7)
  6 giant frogs
  2 big kobolds
  A wyvern skeleton (D:10)
  A gnoll sergeant (D:9)
  A scorpion (D:9)
  6 crimson imps
  3 hounds
  A giant frog zombie (D:7)
  5 jellies
  5 orc priests
  A quasit (D:7)
  5 orc wizards
  7 worker ants
  A centaur skeleton (D:4)
  2 iguanas (D:5)
  A sheep (D:10)
  A hound skeleton (D:10)
  A hound zombie (D:7)
  2 worker ant zombies (D:9)
  11 gnolls
  12 adders
  2 oozes
  3 adder zombies
  2 adder skeletons (D:4)
  A worm (D:3)
  7 giant geckos
  27 orcs
  4 bats
  7 giant cockroaches
  6 hobgoblins
  8 jackals
  9 kobolds
  A ball python (D:2)
  A giant gecko skeleton (D:5)
  6 giant newts
  14 goblins
  A jackal zombie (D:6)
  5 quokkas
  A quokka skeleton (D:5)
  11 rats
  A fungus (D:4)
223 creatures vanquished.

Vanquished Creatures (others)
  5 plants
5 creatures vanquished.

Grand Total: 228 creatures vanquished

Notes
Turn   | Place    | Note
--------------------------------------------------------------
     0 | D:1      | dvd the Octopode Ice Elementalist began the quest for the Orb.
     0 | D:1      | Reached XP level 1. HP: 11/11 MP: 3/3
   314 | D:1      | Reached XP level 2. HP: 10/17 MP: 0/5
   449 | D:1      | Learned a level 2 spell: Throw Frost
   493 | D:1      | Found a glowing golden altar of the Shining One.
  1846 | D:2      | Reached XP level 3. HP: 14/21 MP: 0/6
  2297 | D:2      | Learned a level 3 spell: Ozocubu's Armour
  2981 | D:3      | Reached XP level 4. HP: 25/27 MP: 4/8
  3397 | D:3      | Reached skill level 4 in Stealth
  3624 | D:4      | Noticed a sky beast
  3633 | D:4      | Killed a sky beast
  3633 | D:4      | Reached skill level 1 in Fighting
  3633 | D:4      | Reached XP level 5. HP: 22/33 MP: 5/9
  3785 | D:4      | Reached skill level 1 in Unarmed Combat
  3792 | D:4      | Reached XP level 6. HP: 34/38 MP: 3/10
  3884 | D:4      | Noticed a necrophage
  3896 | D:4      | Killed a necrophage
  3896 | D:4      | Reached skill level 1 in Short Blades
  3896 | D:4      | Reached skill level 1 in Charms
  3907 | D:4      | Found a blossoming altar of Fedhas.
  4000 | D:4      | Noticed a sky beast
  4009 | D:4      | Killed a sky beast
  4009 | D:4      | Reached XP level 7. HP: 38/44 MP: 8/12
  4240 | D:4      | Noticed dvd's ghost (novice OpIE)
  4327 | D:5      | Entered Level 5 of the Dungeon
  4490 | D:5      | Found a shimmering altar of Xom.
  4491 | D:5      | Found a shimmering altar of Xom.
  4491 | D:5      | Found a shimmering altar of Xom.
  4492 | D:5      | Found a shimmering altar of Xom.
  4492 | D:5      | Found a shimmering altar of Xom.
  4492 | D:5      | Found a shimmering altar of Xom.
  4493 | D:5      | Found a shimmering altar of Xom.
  4493 | D:5      | Found a shimmering altar of Xom.
  4493 | D:5      | Found a shimmering altar of Xom.
  5062 | D:4      | Noticed an ogre
  5077 | D:4      | Killed an ogre
  5077 | D:4      | Reached skill level 1 in Maces & Flails
  5078 | D:4      | Reached skill level 5 in Stealth
  5078 | D:4      | Reached XP level 8. HP: 43/50 MP: 12/14
  5595 | D:5      | Learned a level 4 spell: Condensation Shield
  5881 | D:6      | Reached skill level 5 in Ice Magic
  6094 | D:6      | Found a burning altar of Makhleb.
  6314 | D:6      | Reached skill level 1 in Evocations
  6430 | D:6      | Noticed a moth of wrath
  6432 | D:6      | Found a bloodstained altar of Trog.
  6643 | D:6      | Found a staircase to the Ecumenical Temple.
  6649 | Temple   | Entered the Ecumenical Temple
  6709 | Temple   | Became a worshipper of Ashenzari the Shackled
  7455 | D:7      | Reached skill level 5 in Dodging
  7455 | D:7      | Reached skill level 5 in Spellcasting
  7455 | D:7      | Reached XP level 9. HP: 15/56 MP: 11/16
  7719 | D:7      | Reached skill level 6 in Stealth
  7816 | D:8      | Noticed Prince Ribbit
  7844 | D:8      | Killed Prince Ribbit
  8171 | D:8      | Found a staircase to the Lair.
  8172 | D:8      | Noticed a komodo dragon
  8246 | D:8      | Learned a level 4 spell: Throw Icicle
  8334 | D:8      | Found a glowing golden altar of the Shining One.
  8336 | D:8      | Found a blossoming altar of Fedhas.
  8378 | D:8      | Found a basalt altar of Yredelemnul.
  8380 | D:8      | Found a stormy altar of Qazlal.
  8518 | D:8      | Killed a komodo dragon
  8978 | D:9      | Found a snail-covered altar of Cheibriados.
  8980 | D:9      | Reached XP level 10. HP: 63/63 MP: 14/18
  9025 | D:9      | Found Ankeereq's Food Boutique.
  9204 | D:9      | Noticed a tengu conjurer
  9206 | D:9      | Noticed a tengu conjurer
  9227 | D:9      | Killed a tengu conjurer
  9231 | D:9      | Killed a tengu conjurer
  9231 | D:9      | Reached skill level 7 in Ice Magic
 10182 | D:10     | Entered Level 10 of the Dungeon
 10627 | D:10     | Noticed Erolcha
 10647 | D:10     | Killed Erolcha
 10805 | D:10     | Learned a level 4 spell: Summon Ice Beast
 11028 | D:10     | Reached skill level 5 in Maces & Flails
 11116 | D:10     | Reached * piety under Ashenzari
 11281 | D:10     | Reached skill level 8 in Dodging
 11428 | D:10     | Noticed a two-headed hydra
 11436 | D:10     | Reached XP level 11. HP: 58/70 MP: 18/21
 11440 | D:10     | HP: 3/70 [yak (3)]
 11440 | D:10     | Slain by a two-headed hydra

Action                   |  1- 3 |  4- 6 |  7- 9 | 10-12 || total
-------------------------+-------+-------+-------+-------++-------
Melee: Unarmed           |    66 |       |       |       ||    66
       Flail             |     8 |       |       |       ||     8
       Dagger            |       |    84 |    26 |       ||   110
       Morningstar       |       |       |   296 |   205 ||   501
 Cast: Freeze            |    24 |     5 |    17 |     5 ||    51
       Throw Frost       |     9 |     5 |    55 |    16 ||    85
       Ozocubu's Armour  |     4 |     8 |    43 |    18 ||    73
       Condensation Shie |       |       |     4 |    14 ||    18
       Throw Icicle      |       |       |     2 |    15 ||    17
Evoke: Wand              |       |       |    22 |     3 ||    25
  Use: Scroll            |       |     5 |    13 |     5 ||    23
       Potion            |       |       |     8 |     4 ||    12
 Stab: Sleeping          |    13 |     3 |    15 |     2 ||    33
  Eat: Chunk             |     6 |     5 |    20 |    18 ||    49
       Royal jelly       |     1 |       |       |       ||     1
       Beef jerky        |       |       |     2 |       ||     2
       Meat ration       |       |       |       |     2 ||     2
       Pizza             |       |       |       |     2 ||     2
